 Dungeon Crawl Stone Soup version 0.31.0-32-g396128a36d (webtiles) character file.

Game seed: 18156977613732598899

1 spaghetti the Caller (level 1, 0/15 HPs)
             Began as a Naga Summoner on Mar 10, 2024.
             Slain by a jackal (3 damage)
             ... on level 1 of the Dungeon.
             The game lasted 00:00:25 (65 turns).

spaghetti the Caller (Naga Summoner)                  Turns: 65, Time: 00:00:26

Health: 0/15       AC:  1    Str: 10    XL:     1   Next: 20%
Magic:  3/3        EV:  9    Int: 15    God:
Gold:   0          SH:  0    Dex: 11    Spells: 3/4 levels left

rFire   . . .        (no weapon)
rCold   . . .        (no shield)
rNeg    . . .        a - +0 robe
rPois   +            (no helmet)
rElec   .            (no cloak)
rCorr   .            (no gloves)
SInv    +            (no barding)
Will    .....        (no amulet)
Stlth   ++           (no ring)
HPRegen 0.22/turn    (no ring)
MPRegen 0.08/turn

%: no passive effects
@: very slow
A: AC +0, large, see invisible, deformed body, poison resistance, slowness 2,
spit poison 1, naga tail 1
a: Spit Poison


You were on level 1 of the Dungeon.
You visited 1 branch of the dungeon, and saw 1 of its levels.

Inventory:

Armour
 a - a +0 robe (worn)
Potions
 b - a potion of magic


   Skills:
 - Level 1.5 Dodging
 - Level 3.0 Stealth
 + Level 2.1 Spellcasting
 - Level 4.0 Summonings


You had 3 spell levels left.
You knew the following spells:

 Your Spells              Type           Power      Damage    Failure   Level
a - Summon Small Mammal   Summ           52%        N/A       4%          1

Your spell library contained the following spells:

 Spells                   Type           Power      Damage    Failure   Level
 Call Imp                 Summ           26%        N/A       6%          2
 Call Canine Familiar     Summ           13%        N/A       13%         3
 Summon Blazeheart Golem  Fire/Summ      7%         N/A       67%         4
 Summon Lightning Spire   Summ/Air       7%         N/A       67%         4


Dungeon Overview and Level Annotations

Branches:
Dungeon (1/15)

Altars:


Innate Abilities, Weirdness & Mutations

Your serpentine skin is tough. (AC +0)
You have supernaturally acute eyesight. (SInv)
Armour fits poorly on your strangely shaped body.
Your system is resistant to poisons. (rPois)
You cover ground very slowly.
You can spit poison.
You have a snake-like lower body.


Message History

You are too injured to fight recklessly!
Aiming: Spit Poison (3% risk of failure)
Press: ? - help, Shift-Dir - straight line, f - jackal
Aim: a jackal (ally target, 43% to hit)
The splash of poison misses the jackal.
Your quokka misses the jackal. The jackal bites you. x2
* * * LOW HITPOINT WARNING * * *
Your rat closely misses the jackal.
Unknown command.
Unknown command.
It was a potion of curing.
You feel better. The jackal barely misses you.
Your quokka misses the jackal. The jackal bites you.
Your rat misses the jackal.
You can't do that yet.
Unknown command.
Your rat disappears in a puff of smoke!
The jackal attacks as it pursues you! The jackal bites you.
Your quokka barely misses the jackal.
The jackal bites you.
* * * LOW HITPOINT WARNING * * *
The jackal barely misses you.
Your quokka barely misses the jackal.
Okay, then.
You barely miss the jackal. The jackal closely misses you.
The jackal barely misses you.
Your quokka bites the jackal.
The jackal closely misses you. The jackal barely misses you.
You hit the jackal but do no damage.
The jackal is moderately wounded.
Your quokka closely misses the jackal.
The jackal completely misses you. The jackal bites you.
* * * LOW HITPOINT WARNING * * *
You can't do that yet.
Unknown command.
You aren't carrying any scrolls.
Unknown command.
Okay, then.
You hit the jackal.
The jackal is heavily wounded.
You have got your breath back.
Your quokka barely misses the jackal.
The jackal closely misses you. The jackal bites you.
You die...

..... ...). .....##
.....###### # #........#
.### ###........## ...
#...........###.####
#.....(............#
#..)........@h.....#
#............h.....#
#####............r.>...#
#.....#................#
#.############.........#
#.######## #.........#
#.##.....## ###########
#.#.#####.##
#.#.8≈8≈8..#


You could see 2 jackals and a friendly quokka (summoned).

Vanquished Creatures
  A kobold (D:1)
1 creature vanquished.

Vanquished Creatures (collateral kills)
  A frilled lizard (D:1)
1 creature vanquished.

Grand Total: 2 creatures vanquished

Notes
Turn   | Place    | Note
-------+----------+-------------------------------------------
     0 | D:1      | spaghetti the Naga Summoner began the quest for the Orb.
     0 | D:1      | Reached XP level 1. HP: 15/15 MP: 3/3
    65 | D:1      | Slain by a jackal

Illustrated notes

Levels and vault maps discovered:
D:1:      lightli_arrival_statue_moat, layout_basic

Action                     || total
---------------------------++-------
  Melee: Unarmed           ||     4
   Cast: Summon Small Mamm ||     2
Ability: Spit Poison       ||     2
    Use: Potion            ||     1
 Armour: Robe              ||    10
  Dodge: Dodged            ||     9
